AoeStats
← Exenity

Arabia

509467790Analyzed
1v1 RM · 5d ago on Sep 26, 2026· 20m 49s· 2 players
Game mode
Random Map
Map size
Tiny (2 player)
Population
200
Speed
Normal
Resources
Standard
Victory
Conquest
Starting age
Dark Age
Ending age
Imperial Age
RankedLock teamsTeams togetherTeam positionsShared explorationLock speedFull tech treeHidden civsTurbo modeCheats
Victory
Defeat
🇺🇸 Teutons · United States
1260
+15
🇨🇱 Varangians · Chile
1239
-15
Ah con razon
6:43 Loom
9:38 Feudal Age
10:21 Double-Bit Axe
11:47 Bloodlines
Exenity
6:14 Loom
8:39 Feudal Age
14:49 Fletching
17:37 Horse Collar
17:47 Town Watch
Connection lost

Rejoining the realm…

Still unreachable

The connection could not be restored.

Session expired

The server has moved on; the page needs a fresh start.